 Dungeon Crawl Stone Soup version 0.26-a0-810-ge1a9524b62 (webtiles) character file.

Game seed: 15895463821330009723

354 sideus8 the Magician (level 6, -3/32 HPs)
             Began as a Deep Elf Fire Elementalist on Nov 10, 2020.
             Was an Initiate of Sif Muna.
             Killed by divine providence
             ... invoked by an orc priest
              (9 damage)
             ... on level 5 of the Dungeon on Nov 12, 2020.
             The game lasted 00:12:08 (4308 turns).

sideus8 the Magician (Deep Elf Fire Elementalist)   Turns: 4308, Time: 00:12:10

Health: -3/32      AC:  2    Str:  5    XL:     6   Next: 35%
Magic:  17/17      EV: 13    Int: 25    God:    Sif Muna [......]
Gold:   237        SH:  0    Dex: 15    Spells: 5/17 levels left

rFire    . . .     SeeInvis .   (no weapon)
rCold    . . .     Faith    .   (no shield)
rNeg     . . .     Spirit   .   a - +0 robe
rPois    .         Reflect  .   r - +0 hat {Int+3}
rElec    .         Harm     .   (no cloak)
rCorr    .         Rampage  .   (no gloves)
MR       .....                  (no boots)
Stlth    ++........             (no amulet)
HPRegen  0.10/turn              (no ring)
MPRegen  0.15/turn              (no ring)

@: mighty
A: no striking features
a: Renounce Religion


You were on level 5 of the Dungeon.
You worshipped Sif Muna.
Sif Muna was noncommittal.
You visited 2 branches of the dungeon, and saw 6 of its levels.

You collected 237 gold pieces.

Inventory:

Armour
 a - a +0 robe (worn)
 r - a +0 hat of intelligence (worn)
Jewellery
 j - a +4 ring of slaying {unknown}
Wands
 n - a wand of iceblast (6)
Scrolls
 c - 5 scrolls of identify
 d - a scroll of teleportation
 f - 2 scrolls of enchant weapon {unknown}
 g - 2 scrolls of blinking {unknown}
 h - a scroll of amnesia {unknown}
 i - a scroll of noise {unknown}
 o - a scroll of magic mapping {unknown}
 s - a scroll of immolation {unknown}
 t - 2 scrolls of remove curse {unknown}
Potions
 b - a potion of might
 e - 2 potions of magic
 k - a potion of invisibility {unknown}
 l - a potion of flight {unknown}
 m - a potion of curing {unknown}
 p - 3 potions of berserk rage {unknown}
 q - a potion of brilliance {unknown}
 u - a potion of haste {unknown}


   Skills:
 + Level 2.9 Dodging
 + Level 3.4 Stealth
 + Level 0.1 Unarmed Combat
 + Level 6.2 Spellcasting
 + Level 2.7 Conjurations
 + Level 5.1 Fire Magic


You had 5 spell levels left.
You knew the following spells:

 Your Spells              Type           Power        Failure   Level
a - Foxfire               Conj/Fire      ####         1%          1
b - Conjure Flame         Conj/Fire      ####....     4%          3
c - Inner Flame           Hex/Fire       ###.....     8%          3
d - Fireball              Conj/Fire      ####......   38%         5

Your spell library contained the following spells:

 Spells                   Type           Power        Failure   Level
 Sticky Flame             Conj/Fire      ####....     14%         4


Dungeon Overview and Level Annotations

Branches:
Dungeon (5/15)             Temple (1/1) D:4

Altars:
Cheibriados
Dithmenos
Fedhas
Gozag
Hepliaklqana
Kikubaaqudgha
Makhleb
Nemelex Xobeh
Okawaru
Qazlal
Ru
Sif Muna
Trog
Uskayaw
Vehumet
Wu Jian
Xom
Zin
The Shining One

Annotations:
D:4 Talea's ghost, amateur DsAK


Message History

Confirm with . or Enter, or press ? or * to list all spells.
You conjure some foxfire!
The foxfire hits the orc warrior.
The orc warrior is moderately wounded.
The foxfire hits the orc warrior.
The orc warrior is heavily wounded.
The orc priest invokes the aid of Beogh against you.
Beogh smites you!
* * * LOW HITPOINT WARNING * * *
It was a potion of magic.
Magic courses through your body.
The foxfire hits the orc warrior.
The orc warrior is heavily wounded.
The foxfire hits the orc warrior but does no damage.
The orc warrior is heavily wounded.
It was a potion of might.
You feel very mighty all of a sudden.
The orc priest miscasts a cantrip.
An orc comes into view. It is wielding a +0 war axe.
The orc priest mumbles some strange prayers to Beogh against you.
Beogh smites you!
You die...

......##..##.# #
#...#....##....
#.##......## .#....
.....##....#.........
..... ##...#..##..###
......#......# #..
.......$)....## .##
...#?#....ยง...#.> #
#...@......#
......o.......#
....o.......$.##
....oJ........#
.o....J.......#
.....?...)....#
...............#
...............


You could see an orc warrior, a jelly, 2 orc priests, an ooze and an orc.

Vanquished Creatures
  A phantom (D:4)
  A howler monkey (D:5)
  2 orc wizards (D:3)
  6 adders
  An ooze (D:1)
  3 worms
  3 dart slugs
  3 leopard geckos
  18 orcs
  5 bats
  2 giant cockroaches
  6 hobgoblins
  9 kobolds
  2 quokkas
  5 frilled lizards
  8 goblins
  7 rats
82 creatures vanquished.

Vanquished Creatures (others)
  350 foxfires
350 creatures vanquished.

Grand Total: 432 creatures vanquished

Notes
Turn   | Place    | Note
-------+----------+-------------------------------------------
     0 | D:1      | sideus8 the Deep Elf Fire Elementalist began the quest for
                  | the Orb.
     0 | D:1      | Reached XP level 1. HP: 10/10 MP: 6/6
   152 | D:1      | Reached XP level 2. HP: 15/15 MP: 5/8
   524 | D:1      | Reached XP level 3. HP: 19/19 MP: 6/9
   770 | D:1      | Learned a level 3 spell: Conjure Flame
   774 | D:1      | Learned a level 3 spell: Inner Flame
  1193 | D:2      | Reached XP level 4. HP: 24/24 MP: 7/11
  1235 | D:2      | Found a sacrificial altar of Ru.
  1426 | D:2      | Reached skill level 4 in Spellcasting
  1981 | D:3      | Reached XP level 5. HP: 28/28 MP: 5/14
  1990 | D:3      | Learned a level 5 spell: Fireball
  2226 | D:3      | Found a stormy altar of Qazlal.
  2234 | D:3      | Found a sparkling altar of Nemelex Xobeh.
  2889 | D:3      | Reached skill level 5 in Spellcasting
  3340 | D:4      | Found a staircase to the Ecumenical Temple.
  3477 | Temple   | Entered the Ecumenical Temple
  3526 | Temple   | Became a worshipper of Sif Muna the Loreminder
  3697 | D:4      | Upgraded the game from 0.26-a0-778-g3fe0686644 to
                  | 0.26-a0-810-ge1a9524b62
  3707 | D:4      | Noticed a phantom
  3717 | D:4      | Killed a phantom
  3717 | D:4      | Reached skill level 5 in Fire Magic
  3717 | D:4      | Reached XP level 6. HP: 32/32 MP: 5/16
  3935 | D:4      | Found a runed translucent gate.
  3946 | D:4      | Found a runed translucent gate.
  3947 | D:4      | Found a runed translucent gate.
  3947 | D:4      | Noticed Talea's ghost (amateur DsAK)
  4267 | D:5      | Entered Level 5 of the Dungeon
  4301 | D:5      | Reached skill level 6 in Spellcasting
  4301 | D:5      | Noticed an orc warrior
  4308 | D:5      | Killed from afar by an orc priest

Illustrated notes

Levels and vault maps discovered:
D:1:      grunt_arrival_crossed_arrows, layout_rooms
D:2:      layout_loops_ring, nicolae_ru_awakened_eye, kennysheep_boxes
D:3:      layout_loops_corners, amethyst_overflow_temple_binary
D:4:      layout_gridville, minmay_temple_entry_offerings,
          biasface_ghost_orc_armoury
D:5:      layout_cave_pools, uniq_sigmund
Temple:   compressed_dpeg_circular_temple

Skill      XL: |  1  2  3  4  5  6 |
---------------+-------------------+-----
Fire Magic     | 4 5 |  5.1
Stealth        | 3 |  3.4
Spellcasting   | 4 5 6 |  6.2
Conjurations   | 2 |  2.7
Dodging        | |  2.9
Unarmed Combat | |  0.1

Action                   |  1- 3 |  4- 6 || total
-------------------------+-------+-------++-------
Melee: Unarmed           |     3 |       ||     3
 Cast: Foxfire           |    62 |   169 ||   231
       Conjure Flame     |     1 |       ||     1
  Use: Scroll            |       |     2 ||     2
       Potion            |       |     2 ||     2
Armor: Robe              |     3 |     7 ||    10
Dodge: Dodged            |    14 |    12 ||    26

Table legend: (Time is in decaauts)
 A = Elapsed time spent in this place.
 B = Non-inter-level travel time spent in this place.
 C = Inter-level travel time spent in this place.
 D = Time resting spent in this place.
 E = Time spent auto-exploring this place.
 F = Levels seen in this place.
 G = Mean time per level.
                   A        B        C        D        E       F      G
               +--------+--------+--------+--------+--------+-----+--------+
         Total |   4324 |   4319 |      5 |    362 |   2635 |   6 |  720.7 |
       Dungeon |   4252 |   4247 |      5 |    362 |   2635 |   5 |  850.4 |
        Temple |     71 |     71 |      0 |      0 |      0 |   1 |   71.0 |
               +--------+--------+--------+--------+--------+-----+--------+

Top non-repeatable levels by time:
     D:3: 1522 daAuts
     D:2: 1040 daAuts
     D:4: 858 daAuts
     D:1: 791 daAuts
  Temple: 71 daAuts
     D:5: 40 daAuts
